 Seeded DCSS version 0.29-a0-409-gd843f3a48c (webtiles) character file.

Game seed: 17930253926559947122 (custom seed)

13 zeratav the Digger (level 2, 0/17 HPs)
             Began as an Octopode Earth Elementalist on May 14, 2022.
             Slain by a rat (1 damage)
             ... on level 1 of the Dungeon.
             The game lasted 00:00:45 (600 turns).

zeratav the Digger (Octopode Earth Elementalist)     Turns: 600, Time: 00:00:45

Health: 0/17       AC:  1    Str:  7    XL:     2   Next: 37%
Magic:  0/5        EV: 13    Int: 17    God:
Gold:   0          SH:  0    Dex: 12    Spells: 4/5 levels left

rFire   . . .      SeeInvis .   d - staff of earth {staff}
rCold   . . .      Faith    .   (no shield)
rNeg    . . .      Spirit   .   (helmet restricted)
rPois   .          Reflect  .   (no amulet)
rElec   .          Harm     .   (no ring)
rCorr   .          Rampage  .   (no ring)
Will    .....                   (no ring)
Stlth   +++.......              (no ring)
HPRegen 0.05/turn               (no ring)
MPRegen 0.09/turn               (no ring)
                                (no ring)
                                (no ring)

@: no status effects
A: almost no armour, amphibious, 8 rings, camouflage 1, gelatinous body 1,
(nimble swimmer 1), tentacles
a: no special abilities


You were on level 1 of the Dungeon.
You visited 1 branch of the dungeon, and saw 1 of its levels.


Innate Abilities, Weirdness & Mutations

You cannot wear most types of armour.
You are amphibious.
You can wear up to eight rings at the same time.
Your skin changes colour to match your surroundings (Stealth+).
Your rubbery body absorbs attacks. (AC +1, EV +1)
((You are camouflaged when in or above water. (Stealth+)))
You have tentacles for arms and can constrict up to eight enemies at once.


   Skills:
 - Level 2.0 Dodging
 - Level 2.6 Stealth
 + Level 2.2 Spellcasting
 - Level 1.0 Transmutations
 * Level 3.5 Earth Magic


You had 4 spell levels left.
You knew the following spells:

 Your Spells              Type           Power      Damage    Failure   Level
a - Sandblast             Erth           40%        2d10      4%          1

Your spell library contained the following spells:

 Spells                   Type           Power      Damage    Failure   Level
 Passwall                 Tmut/Erth      11%        N/A       11%         2
 Stone Arrow              Conj/Erth      22%        3d8       28%         3
 Petrify                  Tmut/Erth      14%        N/A       58%         4

Inventory:

Missiles
 a - 43 stones {throwing}
Magical Staves
 d - a staff of earth (weapon) {staff}
   (You found it on level 1 of the Dungeon)
Scrolls
 g - a scroll of enchant weapon {unknown}
Potions
 b - a potion of magic
 c - 2 potions of curing {unknown}
 e - a potion of berserk rage {unknown}
 f - 2 potions of brilliance {unknown}

Dungeon Overview and Level Annotations

Branches:
Dungeon (1/15)

Altars:

#.# #.#.######.
#.#####..
#+#####.#.#.........##.#
#.. ....................
#.# ##+
...####.#.##....... #.##
#.. #.#.##......
##.###..
####.....#...####
##..##'
#†.......#≈≈≈≈≈≈# ###...
#.##.#...#)..#### #### #
#.#.##@.......
#.#.###r...... #.#.#
.#..... ..... .# ....
##### .# ... .# #. .. ##


You could see a rat.


Message History

MP[-1]
You lost 1 mp, and now have 4/5 mp.
A kobold and a rat come into view.
MP[+1]
Your mp is fully restored (5).
There are monsters nearby!
You feel a surge of power!
The blast of sand hits the kobold but does no damage.
The kobold shouts!
A rat comes into view.
MP[-1]
You lost 1 mp, and now have 4/5 mp.
You feel a surge of power!
You miscast Sandblast.
You are very lightly contaminated with residual magic.
Nothing appears to happen.
The kobold misses you.
MP[-1]
You lost 1 mp, and now have 3/5 mp.
You feel a surge of power!
The blast of sand hits the kobold but does no damage.
The kobold closely misses you. The rat closely misses you.
MP[-1]
You lost 1 mp, and now have 2/5 mp.
You feel a surge of power!
The blast of sand hits the kobold but does no damage.
The kobold barely misses you. The rat bites you.
HP[-2] MP[-1]
You take 2 damage, and now have 15/17 hp.
You lost 1 mp, and now have 1/5 mp.
Casting: Sandblast (safe; 4% risk of failure)
Confirm with . or Enter, or press ? or * to list all spells.
Aiming: Sandblast (safe; 4% risk of failure)
Press: ? - help, Shift-Dir - straight line, f/p - kobold
Aim: a kobold, wielding a +0 short sword and wearing a +0 plate armour (83% to hit)
You feel a surge of power!
The blast of sand hits the kobold but does no damage.
The kobold barely misses you. The rat bites you but does no damage.
MP[-1]
You lost 1 mp, and now have 0/5 mp.
You hit the kobold but do no damage. Your grab misses the kobold.
Your squeeze misses the kobold.
The kobold hits you with a +0 short sword.
The rat closely misses you.
The kobold hits you with a +0 short sword.
HP[-3]
You take 3 damage, and now have 12/17 hp.
You completely miss the kobold. Your grab misses the kobold.
The rat bites you but does no damage. The kobold barely misses you.
You hit the kobold but do no damage. You grab the kobold.
You constrict the kobold, but do no damage.
The rat bites you. The kobold closely misses you.
Your magical contamination has completely faded away.
HP[-1]
You take 1 damage, and now have 11/17 hp.
You hit the kobold but do no damage. You constrict the kobold.
The rat misses you.
The kobold hits you with a +0 short sword.
The rat closely misses you.
HP[-2]
You take 2 damage, and now have 9/17 hp.
You hit the kobold but do no damage.
You squeeze the kobold, but do no damage.
You constrict the kobold, but do no damage.
The rat bites you.
* * * LOW HITPOINT WARNING * * *
The kobold completely misses you. The rat completely misses you.
The rat bites you.
* * * LOW HITPOINT WARNING * * *
HP[-3] MP[+1]
You take 3 damage, and now have 6/17 hp.
You hit the kobold but do no damage.
You squeeze the kobold, but do no damage.
You constrict the kobold, but do no damage.
The kobold barely misses you. The rat bites you.
* * * LOW HITPOINT WARNING * * *
The rat barely misses you. The kobold misses you.
HP[-3]
You take 3 damage, and now have 3/17 hp.
You hit the kobold but do no damage.
You squeeze the kobold, but do no damage.
You constrict the kobold.
You kill the kobold!
The rat closely misses you. The rat bites you.
* * * LOW HITPOINT WARNING * * *
HP[-1]
You take 1 damage, and now have 2/17 hp.
Casting: Sandblast (safe; 4% risk of failure)
Confirm with . or Enter, or press ? or * to list all spells.
Aiming: Sandblast (safe; 4% risk of failure)
Press: ? - help, Shift-Dir - straight line, f - rat
Aim: a rat (81% to hit)
You feel a surge of power!
The blast of sand hits the rat!
You kill the rat!
The rat bites you.
* * * LOW HITPOINT WARNING * * *
HP[-1] MP[-1]
You take 1 damage, and now have 1/17 hp.
You lost 1 mp, and now have 0/5 mp.
You hit the rat but do no damage. Your grab misses the rat.
Your squeeze misses the rat. The rat bites you.
You die...

Action                   || total
-------------------------++-------
Melee: Unarmed           ||     8
       Tentacles         ||     7
       Constrict         ||     4
       Short sword       ||     3
       Staff             ||     8
 Cast: Sandblast         ||    12
Armor: Skin              ||     6
Dodge: Dodged            ||    26

Levels and vault maps discovered:
D:1:      dpeg_arrival_yet_another_circle, layout_basic, serial_rivers,
          chequers_serial_rivers_small_b, chequers_serial_rivers_large_b,
          chequers_serial_rivers_micro_b, chequers_serial_rivers_room_b,
          chequers_serial_rivers_micro_c, chequers_serial_rivers_large_a,
          chequers_ecumenical_altar_lobes

Notes
Turn   | Place    | Note
-------+----------+-------------------------------------------
     0 | D:1      | zeratav the Octopode Earth Elementalist began the quest for
                  | the Orb.
     0 | D:1      | Reached XP level 1. HP: 11/11 MP: 3/3
     0 | D:1      | magus.rc [v1.9.6]
    84 | D:1      | HP: 2/11 [bat (1)]
   475 | D:1      | Reached XP level 2. HP: 17/17 MP: 1/5
   597 | D:1      | HP: 3/17 [rat (3)]
   599 | D:1      | HP: 1/17 [rat (1)]
   600 | D:1      | Slain by a rat

Vanquished Creatures
  A dart slug (D:1)
  A bat (D:1)
  A goblin (D:1)
  2 hobgoblins (D:1)
  2 kobolds (D:1)
  3 rats (D:1)
10 creatures vanquished.

Table legend:
 A = Non-vault XP
 B = Vault XP
 C = Vault XP percentage of total XP
 D = Non-vault monster count
 E = Vault monster count
 F = Vault count percentage of total count
                 A         B        C        D         E       F
            +---------+---------+-------+---------+---------+-------
      Total |      19 |       0 |   0.0 |      10 |       0 |   0.0
            +---------+---------+-------+---------+---------+-------
        D:1 |      19 |       0 |   0.0 |      10 |       0 |   0.0
            +---------+---------+-------+---------+---------+-------

Illustrated notes

Table legend:
 A = Kills in this place as a percentage of kills in entire the game.
 B = Kills by you in this place as a percentage of kills by you in the entire game.
 C = Kills by friends in this place as a percentage of kills by friends in the entire game.
 D = Other kills in this place as a percentage of other kills in the entire game.
 E = Experience gained in this place as a percentage of experience gained in the entire game.
 F = Experience gained in this place divided by the number of levels of this place that you have seen.
                   A       B       C       D       E      F
               +-------+-------+-------+-------+-------+----------------------
         Total | 100.0 | 100.0 |   N/A |   N/A | 100.0 |  19.0
       Dungeon | 100.0 | 100.0 |   N/A |   N/A | 100.0 |  19.0
               +-------+-------+-------+-------+-------+----------------------

Table legend: (Time is in decaauts)
 A = Elapsed time spent in this place.
 B = Non-inter-level travel time spent in this place.
 C = Inter-level travel time spent in this place.
 D = Time resting spent in this place.
 E = Time spent auto-exploring this place.
 F = Levels seen in this place.
 G = Mean time per level.
                   A        B        C        D        E       F      G
               +--------+--------+--------+--------+--------+-----+--------+
         Total |    600 |    600 |      0 |    292 |    222 |   1 |  600.0 |
       Dungeon |    600 |    600 |      0 |    292 |    222 |   1 |  600.0 |
               +--------+--------+--------+--------+--------+-----+--------+

Top non-repeatable levels by time:
     D:1: 600 daAuts
